Rangers vs Panthers
(R1)
Created - November 25, 2022 at 19:55
Goals
|
| Rangers |
0 |
1 |
3 |
0 |
2 |
5 |
| Panthers |
2 |
2 |
0 |
0 |
1 |
4 |
|
Shots
|
| Rangers |
13 |
9 |
8 |
3 |
5 |
33 |
| Panthers |
15 |
12 |
5 |
0 |
5 |
32 |
|
1st period
1. Panthers , Kyle Okposo 1 (Miro Aaltonen 1, Erik Gudbranson 3) at 4:06 (PP)
2. Panthers , Kyle Okposo 2 (Unassisted) at 17:04
Penalties :
Dmitry Kulikov (NyR) for Hooking (Minor) at 3:28, Vince Dunn (NyR) for Holding (Minor) at 18:08
2nd period
3. Panthers , Kris Versteeg 2 (Anze Kopitar 1, Alex Goligoski 4) at 0:10
4. Panthers , Marek Svatos 1 (Quinton Howden 1, Chris Bourque 1) at 7:52
5. Rangers , T.J Galiardi 2 (Richard Panik 3, Cale Makar 14) at 16:19
Penalties :
Luke Schenn (NyR) for Interference (Minor) at 0:51, Kris Versteeg (Flo) for Interference (Minor) at 3:34, Milan Lucic (NyR) for Holding (Minor) at 4:15, Kyle Okposo (Flo) for Roughing (Minor) at 18:14
3rd period
6. Rangers , Ryan Strome 4 (Dmitry Kulikov 2, Milan Lucic 6) at 4:38
7. Rangers , Richard Panik 2 (T.J Galiardi 1, Luke Schenn 6) at 8:56
8. Rangers , Henrik Samuelsson 3 (Vince Dunn 3, Magnus Paajarvi 2) at 11:03
Penalties :
Anze Kopitar (Flo) for Holding (Minor) at 11:20
Overtime #1
No Goal
Penalties :
Timo Meier (Flo) for High sticking (Minor) at 0:20
Shootout
Rangers, Milan Lucic - Stopped by Ville Husso
Panthers, Alexander Semin - Stopped by Frederik Andersen
Rangers, Sean Couturier - Stopped by Ville Husso
Panthers, Kris Versteeg - Goal!
Rangers, Tomas Hertl - Goal!
Panthers, Benoit Pouliot - Shot Misses the Net
Rangers, Ryan Strome - Shot Misses the Net
Panthers, Beau Bennett - Shot Misses the Net
Rangers, Devante Smith-Pelly - Goal!
Panthers, Anze Kopitar - Shot Misses the Net
Penalties :
No Penalty
Goalie Stats
Frederik Andersen (NyR), 28 saves from 32 shots - (0.875), W, 3-3-1, 65:00 minutes
Ville Husso (Flo), 29 saves from 33 shots - (0.879), OTL, 0-2-1, 65:00 minutes
Players Stats for Rangers
Player Name G A P +/- PIM S H SB GA TA FO MP PP MP PK MP
------------------------------------------------------------------------------------
Cale Makar 0 1 1 0 0 3 1 0 1 1 0/0 20:39 3:26 1:07
Devante Smith-Pelly 0 0 0 1 0 2 3 0 0 1 0/0 13:06 1:35 0:30
Dmitry Kulikov 0 1 1 1 2 0 1 1 1 0 0/0 23:38 1:13 1:37
Henrik Samuelsson 1 0 1 1 0 5 2 0 0 0 4/9 13:09 0:00 0:10
Luke Schenn 0 1 1 -1 2 1 1 4 1 1 0/0 24:09 3:26 2:23
Magnus Paajarvi 0 1 1 0 0 0 1 0 0 1 1/4 16:52 1:35 0:30
Maxime Sauvé 0 0 0 0 0 1 1 0 1 0 7/11 11:56 0:00 3:10
Mikhail Sergachev 0 0 0 1 0 0 1 0 0 0 0/0 20:57 0:00 1:47
Milan Lucic 0 1 1 0 2 6 0 1 1 0 0/0 21:07 3:03 0:00
Patrik Nemeth 0 0 0 0 0 0 0 0 0 0 0/0 20:50 0:00 3:30
Richard Panik 1 1 2 1 0 1 3 0 1 0 0/0 10:37 0:00 1:27
Ryan Dzingel 0 0 0 1 0 0 0 0 0 1 0/0 9:34 0:00 0:00
Ryan Strome 1 0 1 0 0 3 1 0 0 0 0/0 18:50 3:04 0:00
Sean Couturier 0 0 0 0 0 5 1 1 0 1 10/22 20:17 3:04 1:27
Stefan Noesen 0 0 0 0 0 1 1 1 1 0 0/1 17:28 0:00 0:10
T.J Galiardi 1 1 2 0 0 3 0 0 0 0 0/0 12:53 0:00 3:10
Tomas Hertl 0 0 0 0 0 1 2 0 0 0 4/12 17:11 1:35 0:00
Vince Dunn 0 1 1 0 2 1 3 1 0 1 0/0 20:08 1:13 0:10
Players Stats for Panthers
Player Name G A P +/- PIM S H SB GA TA FO MP PP MP PK MP
------------------------------------------------------------------------------------
Alex Goligoski 0 1 1 -1 0 1 1 0 0 0 0/0 25:35 3:04 0:00
Alexander Semin 0 0 0 0 0 1 2 1 0 0 0/0 18:03 2:18 1:23
Anze Kopitar 0 1 1 1 2 1 4 2 1 1 24/42 24:49 2:59 3:25
Beau Bennett 0 0 0 -1 0 1 0 1 0 1 0/1 10:11 0:00 0:00
Benoit Pouliot 0 0 0 -1 0 2 2 2 0 0 0/1 10:47 0:00 0:12
Cameron Gaunce 0 0 0 0 0 1 0 0 0 0 0/0 19:37 0:00 2:25
Chris Bourque 0 1 1 -1 0 1 3 1 0 0 1/1 11:02 0:00 0:00
Dalton Prout 0 0 0 0 0 0 2 1 0 0 0/0 22:49 2:13 2:25
Elias Lindholm 0 0 0 -1 0 2 1 0 0 0 3/3 11:46 0:00 0:53
Erik Gudbranson 0 1 1 -1 0 1 2 2 0 2 0/0 29:14 3:04 4:13
Kris Versteeg 1 0 1 1 2 3 0 0 2 1 0/0 21:35 2:59 2:56
Kyle Okposo 2 0 2 0 2 2 0 0 1 1 0/0 15:54 2:18 0:00
Marek Svatos 1 0 1 -1 0 4 0 0 0 0 1/1 11:00 0:00 1:45
Miro Aaltonen 0 1 1 -1 0 1 1 1 0 0 1/6 16:21 2:18 0:23
Morgan Rielly 0 0 0 0 0 2 0 0 1 1 0/0 16:11 2:13 0:00
Niklas Hansson 0 0 0 0 0 1 1 3 1 0 0/0 16:34 0:00 4:13
Quinton Howden 0 1 1 -1 0 1 1 0 0 0 2/2 9:15 0:00 0:20
Timo Meier 0 0 0 1 2 7 1 0 1 0 1/2 21:16 2:59 0:00
3 Stars
1 - Richard Panik (NyR)
2 - T.J Galiardi (NyR)
3 - Henrik Samuelsson (NyR)
Power Play
Rangers - 0 on 5 Attempt(s) - 0.00%
Panthers - 1 on 3 Attempt(s) - 33.33%
Penalty Kill
Rangers - 2 on 3 Attempt(s) - 66.67%
- Score 0 goal in Penalty Kill
Panthers - 5 on 5 Attempt(s) - 100.00%
- Score 0 goal in Penalty Kill
Team Stat
Rangers - Hits : 22 - Faceoff Wins : 26 - Blocked Shots : 9 - Penalty Minutes : 8
Panthers - Hits : 21 - Faceoff Wins : 33 - Blocked Shots : 14 - Penalty Minutes : 8
Official
Referees : Ian Walsh and Chris Rooney
Linesman : Bryan Pancich and Jesse Marquis
Game Notes
17:04 of 1st period - Penalty Shot by Kyle Okposo for Panthers - Goal!
6:59 of 2nd period - Rangers goal is going for a video replay. After video review, No Goal. The attacking player has interfered with a goalkeeper in his goal crease.
Finance
Level 1 -- Attendance: 6000 (100.00%) -- Ticket Income $600,000
Level 2 -- Attendance: 4764 (95.28%) -- Ticket Income $285,840
Level 3 -- Attendance: 2000 (100.00%) -- Ticket Income $70,000
Level 4 -- Attendance: 3568 (89.20%) -- Ticket Income $89,200
Luxury Box -- Attendance: 953 (95.30%) -- Ticket Income $190,600
Game was played at the BBT Center.
Total Attendance: 17285 (96.03%)
Total Ticket Income: $1,235,640
Other Income: $185,346
Total Income: $1,420,986
Rangers
5 vs 5 Forward
Center Left Wing Right Wing Time % Phy DF OF
1 Sean Couturier Milan Lucic Ryan Strome 35 1 2 2
2 Tomas Hertl Magnus Paajarvi Stefan Noesen 30 1 2 2
3 Henrik Samuelsson Ryan Dzingel Devante Smith-Pelly 20 1 2 2
4 Maxime Sauvé T.J Galiardi Richard Panik 15 1 2 2
5 vs 5 Defense
Defense Defense Time % Phy DF OF
1 Luke Schenn Cale Makar 30 1 2 2
2 Dmitry Kulikov Vince Dunn 30 1 2 2
3 Patrik Nemeth Mikhail Sergachev 30 1 2 2
4 Luke Schenn Dmitry Kulikov 10 1 2 2
PowerPlay Forward
Center Left Wing Right Wing Time % Phy DF OF
1 Sean Couturier Milan Lucic Ryan Strome 60 1 1 3
2 Tomas Hertl Magnus Paajarvi Devante Smith-Pelly 40 1 1 3
PowerPlay Defense
Defense Defense Time % Phy DF OF
1 Luke Schenn Cale Makar 60 1 1 3
2 Dmitry Kulikov Vince Dunn 40 1 1 3
Penalty Kill 4 Players Forward
Center Wing Time % Phy DF OF
1 Maxime Sauvé T.J Galiardi 60 1 3 1
2 Sean Couturier Richard Panik 40 1 3 1
Penalty Kill 4 Players Defense
Defense Defense Time % Phy DF OF
1 Luke Schenn Patrik Nemeth 60 1 3 1
2 Dmitry Kulikov Mikhail Sergachev 40 1 3 1
Penalty Kill - 3 Players Forward
Forward Time % Phy DF OF
1 Maxime Sauvé 60 1 3 1
2 Sean Couturier 40 1 3 1
Penalty Kill - 3 Players Defense
Defense Defense Time % Phy DF OF
1 Luke Schenn Patrik Nemeth 60 1 3 1
2 Dmitry Kulikov Mikhail Sergachev 40 1 2 2
4 vs 4 Forward
Center Wing Time % Phy DF OF
1 Henrik Samuelsson Stefan Noesen 60 1 2 2
2 Tomas Hertl Milan Lucic 40 1 2 2
4 vs 4 Defense
Defense Defense Time % Phy DF OF
1 Vince Dunn Mikhail Sergachev 60 1 2 2
2 Dmitry Kulikov Cale Makar 40 1 2 2
Last Minutes Offensive
Center Left Wing Right Wing Defense Defense
Sean Couturier Milan Lucic Ryan Strome Luke Schenn Dmitry Kulikov
Last Minutes Defensive
Center Left Wing Right Wing Defense Defense
Sean Couturier Milan Lucic Ryan Strome Luke Schenn Dmitry Kulikov
Goaltenders
Starting : Frederik Andersen
Backup : Samuel Montembeault
Extra Forwards
Normal : Devante Smith-Pelly, Richard Panik, T.J Galiardi - PP : Devante Smith-Pelly, Richard Panik - PK : Devante Smith-Pelly
Extra Defensemen
Normal : Vince Dunn, Luke Schenn, Mikhail Sergachev - PP : Cale Makar - PK : Cale Makar, Mikhail Sergachev
Penalty Shots
Milan Lucic, Sean Couturier, Tomas Hertl, Ryan Strome, Devante Smith-Pelly
Scratches
None
Panthers
5 vs 5 Forward
Center Left Wing Right Wing Time % Phy DF OF
1 Anze Kopitar Timo Meier Kris Versteeg 40 1 2 2
2 Miro Aaltonen Alexander Semin Kyle Okposo 30 1 2 2
3 Elias Lindholm Benoit Pouliot Beau Bennett 20 1 2 2
4 Quinton Howden Chris Bourque Marek Svatos 10 1 2 2
5 vs 5 Defense
Defense Defense Time % Phy DF OF
1 Erik Gudbranson Alex Goligoski 40 1 2 2
2 Dalton Prout Cameron Gaunce 30 1 2 2
3 Morgan Rielly Niklas Hansson 20 1 2 2
4 Erik Gudbranson Alex Goligoski 10 1 2 2
PowerPlay Forward
Center Left Wing Right Wing Time % Phy DF OF
1 Anze Kopitar Timo Meier Kris Versteeg 60 1 2 2
2 Miro Aaltonen Alexander Semin Kyle Okposo 40 1 2 2
PowerPlay Defense
Defense Defense Time % Phy DF OF
1 Erik Gudbranson Alex Goligoski 60 1 2 2
2 Dalton Prout Morgan Rielly 40 1 2 2
Penalty Kill 4 Players Forward
Center Wing Time % Phy DF OF
1 Anze Kopitar Kris Versteeg 60 1 2 2
2 Quinton Howden Alexander Semin 40 1 2 2
Penalty Kill 4 Players Defense
Defense Defense Time % Phy DF OF
1 Erik Gudbranson Niklas Hansson 60 1 2 2
2 Dalton Prout Cameron Gaunce 40 1 2 2
Penalty Kill - 3 Players Forward
Forward Time % Phy DF OF
1 Anze Kopitar 60 1 2 2
2 Kris Versteeg 40 1 2 2
Penalty Kill - 3 Players Defense
Defense Defense Time % Phy DF OF
1 Erik Gudbranson Niklas Hansson 60 1 2 2
2 Dalton Prout Cameron Gaunce 40 1 2 2
4 vs 4 Forward
Center Wing Time % Phy DF OF
1 Anze Kopitar Timo Meier 60 1 2 2
2 Miro Aaltonen Alexander Semin 40 1 2 2
4 vs 4 Defense
Defense Defense Time % Phy DF OF
1 Erik Gudbranson Alex Goligoski 60 1 2 2
2 Dalton Prout Morgan Rielly 40 1 2 2
Last Minutes Offensive
Center Left Wing Right Wing Defense Defense
Anze Kopitar Timo Meier Kris Versteeg Erik Gudbranson Alex Goligoski
Last Minutes Defensive
Center Left Wing Right Wing Defense Defense
Anze Kopitar Alexander Semin Kris Versteeg Erik Gudbranson Niklas Hansson
Goaltenders
Starting : Ville Husso
Backup : Jonathan Quick
Extra Forwards
Normal : Chris Bourque, Timo Meier, Anze Kopitar - PP : Benoit Pouliot, Beau Bennett - PK : Marek Svatos
Extra Defensemen
Normal : Morgan Rielly, Erik Gudbranson, Dalton Prout - PP : Niklas Hansson - PK : Niklas Hansson, Dalton Prout
Penalty Shots
Alexander Semin, Kris Versteeg, Benoit Pouliot, Beau Bennett, Anze Kopitar
Scratches
None
% Time on Ice - Rangers
Lines # - Real PCT - Wanted PCT - Time Play
Normal Forward
1 - 35% - 35% - 16:55
2 - 30% - 30% - 14:51
3 - 20% - 20% - 9:34
4 - 15% - 15% - 7:26
Normal Defense
1 - 30% - 30% - 14:35
2 - 32% - 30% - 15:23
3 - 32% - 30% - 15:50
4 - 6% - 10% - 2:58
PP Forward
1 - 66% - 60% - 3:04
2 - 34% - 40% - 1:35
PP Defense
1 - 74% - 60% - 3:26
2 - 26% - 40% - 1:13
PK Forward
1 - 73% - 60% - 3:50
2 - 27% - 40% - 1:27
PK Defense
1 - 69% - 60% - 3:40
2 - 31% - 40% - 1:37
PK3 Forward
1 - 0% - 60%
2 - 0% - 40%
PK3 Defense
1 - 0% - 60%
2 - 0% - 40%
44 Forward
1 - 76% - 60% - 4:48
2 - 24% - 40% - 1:30
44 Defense
1 - 58% - 60% - 3:41
2 - 42% - 40% - 2:37
Last Minute Offensive - 0:00
Last Minute Defensive - 0:00
Total
Forward - 65:00
Defense - 65:00
|
% Time on Ice - Panthers
Lines # - Real PCT - Wanted PCT - Time Play
Normal Forward
1 - 33% - 40% - 16:06
2 - 29% - 30% - 13:59
3 - 20% - 20% - 9:46
4 - 18% - 10% - 8:55
Normal Defense
1 - 40% - 40% - 19:34
2 - 34% - 30% - 16:35
3 - 23% - 20% - 11:08
4 - 3% - 10% - 1:29
PP Forward
1 - 56% - 60% - 2:59
2 - 44% - 40% - 2:18
PP Defense
1 - 58% - 60% - 3:04
2 - 42% - 40% - 2:13
PK Forward
1 - 93% - 60% - 4:19
2 - 7% - 40% - 0:20
PK Defense
1 - 64% - 60% - 2:59
2 - 36% - 40% - 1:40
PK3 Forward
1 - 87% - 60% - 1:43
2 - 13% - 40% - 0:16
PK3 Defense
1 - 62% - 60% - 1:14
2 - 38% - 40% - 0:45
44 Forward
1 - 93% - 60% - 4:01
2 - 7% - 40% - 0:18
44 Defense
1 - 63% - 60% - 2:43
2 - 37% - 40% - 1:36
Last Minute Offensive - 0:00
Last Minute Defensive - 0:00
Total
Forward - 65:00
Defense - 65:00
|
Play-by-Play
1st period
0:01 of 1st period - Anze Kopitar wins face-off versus Sean Couturier in neutral zone.
0:04 of 1st period - Ryan Strome is hit by Timo Meier.
0:14 of 1st period - Slapshot by Milan Lucic.
0:14 of 1st period - Shot Blocked by Anze Kopitar.
0:16 of 1st period - Slapshot by Sean Couturier.
0:16 of 1st period - Stopped by Ville Husso with a rebound.
0:30 of 1st period - Wrist shot by Kyle Okposo.
0:30 of 1st period - Shot Misses the Net.
0:32 of 1st period - Slapshot by Erik Gudbranson.
0:32 of 1st period - Shot Blocked by Vince Dunn.
0:34 of 1st period - Backhand shot by Alex Goligoski.
0:34 of 1st period - Stopped by Frederik Andersen with a rebound.
0:56 of 1st period - Vince Dunn is hit by Quinton Howden and loses puck.
1:11 of 1st period - Slapshot by Vince Dunn.
1:11 of 1st period - Stopped by Ville Husso with a rebound.
1:13 of 1st period - Snap shot by Ryan Dzingel.
1:13 of 1st period - Deflect By Henrik Samuelsson.
1:13 of 1st period - Stopped by Ville Husso with a rebound.
1:15 of 1st period - Wrist shot by Ryan Dzingel.
1:15 of 1st period - Shot Hit the Post.
1:17 of 1st period - Snap shot by Henrik Samuelsson.
1:17 of 1st period - Stopped by Ville Husso with a rebound.
1:19 of 1st period - Wrist shot by Devante Smith-Pelly.
1:19 of 1st period - Shot Blocked by Benoit Pouliot.
1:21 of 1st period - Snap shot by Henrik Samuelsson.
1:21 of 1st period - Deflect By Devante Smith-Pelly.
1:21 of 1st period - Stopped by Ville Husso without a rebound.
1:22 of 1st period - Maxime Sauvé wins face-off versus Anze Kopitar in Panthers zone.
1:37 of 1st period - Maxime Sauvé is hit by Anze Kopitar and loses puck.
2:36 of 1st period - Slapshot by Beau Bennett.
2:36 of 1st period - Shot Blocked by Luke Schenn.
2:38 of 1st period - Slapshot by Morgan Rielly.
2:38 of 1st period - Stopped by Frederik Andersen with a rebound.
2:40 of 1st period - Slapshot by Morgan Rielly.
2:40 of 1st period - Stopped by Frederik Andersen without a rebound.
2:41 of 1st period - Anze Kopitar wins face-off versus Sean Couturier in Rangers zone.
2:50 of 1st period - Snap shot by Sean Couturier.
2:50 of 1st period - Shot Blocked by Erik Gudbranson.
2:52 of 1st period - Snap shot by Milan Lucic.
2:52 of 1st period - Stopped by Ville Husso with a rebound.
2:59 of 1st period - Off-side.
3:00 of 1st period - Elias Lindholm wins face-off versus Maxime Sauvé in neutral zone.
3:17 of 1st period - Slapshot by Benoit Pouliot.
3:17 of 1st period - Stopped by Frederik Andersen with a rebound.
3:28 of 1st period - Minor Penalty to Dmitry Kulikov for Hooking.
3:29 of 1st period - Maxime Sauvé wins face-off versus Anze Kopitar in Rangers zone.
3:29 of 1st period - Maxime Sauvé is hit by Anze Kopitar.
3:53 of 1st period - Richard Panik is hit by Erik Gudbranson and loses puck.
4:06 of 1st period - Snap shot by Kyle Okposo.
4:06 of 1st period - Goal by Kyle Okposo - Rangers : 0 - Panthers : 1.
4:07 of 1st period - Sean Couturier wins face-off versus Anze Kopitar in neutral zone.
4:10 of 1st period - Slapshot by Milan Lucic.
4:10 of 1st period - Stopped by Ville Husso with a rebound.
4:22 of 1st period - Snap shot by Sean Couturier.
4:22 of 1st period - Shot Blocked by Erik Gudbranson.
7:01 of 1st period - Wrist shot by Timo Meier.
7:01 of 1st period - Stopped by Frederik Andersen with a rebound.
7:03 of 1st period - Slapshot by Timo Meier.
7:03 of 1st period - Stopped by Frederik Andersen with a rebound.
7:09 of 1st period - Wrist shot by Timo Meier.
7:09 of 1st period - Stopped by Frederik Andersen with a rebound.
7:11 of 1st period - Wrist shot by Timo Meier.
7:11 of 1st period - Shot Hit the Post.
7:35 of 1st period - Mikhail Sergachev is hit by Alexander Semin.
7:45 of 1st period - Snap shot by Beau Bennett.
7:45 of 1st period - Stopped by Frederik Andersen with a rebound.
7:47 of 1st period - Wrist shot by Benoit Pouliot.
7:47 of 1st period - Shot Misses the Net.
7:49 of 1st period - Slapshot by Cameron Gaunce.
7:49 of 1st period - Shot Misses the Net.
7:51 of 1st period - Wrist shot by Elias Lindholm.
7:51 of 1st period - Stopped by Frederik Andersen with a rebound.
8:15 of 1st period - Snap shot by Timo Meier.
8:15 of 1st period - Deflect By Kris Versteeg.
8:15 of 1st period - Shot Misses the Net.
8:15 of 1st period - Puck is out of play.
8:16 of 1st period - Sean Couturier wins face-off versus Anze Kopitar in Rangers zone.
8:26 of 1st period - Wrist shot by Sean Couturier.
8:26 of 1st period - Stopped by Ville Husso without a rebound.
8:27 of 1st period - Anze Kopitar wins face-off versus Sean Couturier in Panthers zone.
8:27 of 1st period - Anze Kopitar is hit by Ryan Strome.
8:44 of 1st period - Ryan Strome is hit by Erik Gudbranson.
8:54 of 1st period - Snap shot by Dmitry Kulikov.
8:54 of 1st period - Shot Blocked by Miro Aaltonen.
9:18 of 1st period - Wrist shot by Maxime Sauvé.
9:18 of 1st period - Stopped by Ville Husso without a rebound.
9:19 of 1st period - Maxime Sauvé wins face-off versus Timo Meier in Panthers zone.
9:20 of 1st period - Slapshot by Cale Makar.
9:20 of 1st period - Stopped by Ville Husso without a rebound.
9:21 of 1st period - Anze Kopitar wins face-off versus Maxime Sauvé in Panthers zone.
9:52 of 1st period - Snap shot by Ryan Strome.
9:52 of 1st period - Stopped by Ville Husso with a rebound.
9:54 of 1st period - Wrist shot by Milan Lucic.
9:54 of 1st period - Shot Misses the Net.
12:48 of 1st period - Wrist shot by Miro Aaltonen.
12:48 of 1st period - Stopped by Frederik Andersen with a rebound.
12:50 of 1st period - Wrist shot by Alexander Semin.
12:50 of 1st period - Stopped by Frederik Andersen with a rebound.
13:02 of 1st period - Devante Smith-Pelly is hit by Benoit Pouliot and loses puck.
13:31 of 1st period - Wrist shot by Tomas Hertl.
13:31 of 1st period - Shot Blocked by Chris Bourque.
13:43 of 1st period - Slapshot by Anze Kopitar.
13:43 of 1st period - Deflect By Timo Meier.
13:43 of 1st period - Shot Blocked by Sean Couturier.
13:43 of 1st period - Puck is out of play.
13:44 of 1st period - Anze Kopitar wins face-off versus Sean Couturier in Rangers zone.
13:51 of 1st period - Wrist shot by Timo Meier.
13:51 of 1st period - Stopped by Frederik Andersen without a rebound.
13:52 of 1st period - Sean Couturier wins face-off versus Anze Kopitar in Rangers zone.
14:03 of 1st period - Snap shot by Milan Lucic.
14:03 of 1st period - Shot Misses the Net.
14:05 of 1st period - Wrist shot by Sean Couturier.
14:05 of 1st period - Stopped by Ville Husso without a rebound.
14:06 of 1st period - Anze Kopitar wins face-off versus Tomas Hertl in Panthers zone.
14:06 of 1st period - Anze Kopitar is hit by Tomas Hertl.
14:36 of 1st period - Snap shot by Sean Couturier.
14:36 of 1st period - Stopped by Ville Husso with a rebound.
15:36 of 1st period - Backhand shot by Chris Bourque.
15:36 of 1st period - Shot Misses the Net.
16:15 of 1st period - Snap shot by Chris Bourque.
16:15 of 1st period - Stopped by Frederik Andersen with a rebound.
16:17 of 1st period - Wrist shot by Niklas Hansson.
16:17 of 1st period - Deflect By Sean Couturier.
16:17 of 1st period - Stopped by Frederik Andersen without a rebound.
16:18 of 1st period - Tomas Hertl wins face-off versus Anze Kopitar in Rangers zone.
17:04 of 1st period - Penalty Shot by Kyle Okposo for Panthers.
17:04 of 1st period - Snap shot by Kyle Okposo.
17:04 of 1st period - Goal by Kyle Okposo - Rangers : 0 - Panthers : 2.
17:05 of 1st period - Anze Kopitar wins face-off versus Magnus Paajarvi in neutral zone.
17:06 of 1st period - Tomas Hertl wins face-off versus Anze Kopitar in Panthers zone.
17:28 of 1st period - Icing by Alex Goligoski.
17:29 of 1st period - Anze Kopitar wins face-off versus Henrik Samuelsson in Panthers zone.
17:56 of 1st period - Dalton Prout is hit by Stefan Noesen and loses puck.
18:08 of 1st period - Minor Penalty to Vince Dunn for Holding.
18:09 of 1st period - Maxime Sauvé wins face-off versus Anze Kopitar in Rangers zone.
19:38 of 1st period - Timo Meier is hit by Richard Panik and loses puck.
Goals for this period are 0 for Rangers vs 2 for Panthers.
Shots for this period are 13 for Rangers vs 15 for Panthers.
2nd period
0:01 of 2nd period - Anze Kopitar wins face-off versus Maxime Sauvé in neutral zone.
0:08 of 2nd period - Penalty to Vince Dunn is over, Vince Dunn is back on ice.
0:08 of 2nd period - Snap shot by Kris Versteeg.
0:08 of 2nd period - Stopped by Frederik Andersen with a rebound.
0:10 of 2nd period - Snap shot by Kris Versteeg.
0:10 of 2nd period - Goal by Kris Versteeg - Rangers : 0 - Panthers : 3.
0:11 of 2nd period - Anze Kopitar wins face-off versus Magnus Paajarvi in neutral zone.
0:48 of 2nd period - Wrist shot by Kyle Okposo.
0:48 of 2nd period - Deflect By Alexander Semin.
0:48 of 2nd period - Shot Blocked by Milan Lucic.
0:48 of 2nd period - Puck is out of play.
0:49 of 2nd period - Sean Couturier wins face-off versus Beau Bennett in Rangers zone.
0:51 of 2nd period - Minor Penalty to Luke Schenn for Interference.
0:52 of 2nd period - Maxime Sauvé wins face-off versus Anze Kopitar in Rangers zone.
1:46 of 2nd period - Icing by Anze Kopitar.
1:47 of 2nd period - Maxime Sauvé wins face-off versus Miro Aaltonen in Panthers zone.
2:20 of 2nd period - Kris Versteeg is hit by Sean Couturier.
2:51 of 2nd period - Penalty to Luke Schenn is over, Luke Schenn is back on ice.
3:05 of 2nd period - Wrist shot by Quinton Howden.
3:05 of 2nd period - Deflect By Marek Svatos.
3:05 of 2nd period - Stopped by Frederik Andersen with a rebound.
3:07 of 2nd period - Snap shot by Marek Svatos.
3:07 of 2nd period - Stopped by Frederik Andersen with a rebound.
3:11 of 2nd period - Slapshot by Marek Svatos.
3:11 of 2nd period - Stopped by Frederik Andersen without a rebound.
3:12 of 2nd period - Elias Lindholm wins face-off versus Tomas Hertl in Rangers zone.
3:27 of 2nd period - Snap shot by Beau Bennett.
3:27 of 2nd period - Shot Blocked by Stefan Noesen.
3:34 of 2nd period - Minor Penalty to Kris Versteeg for Interference.
3:35 of 2nd period - Sean Couturier wins face-off versus Anze Kopitar in Panthers zone.
4:15 of 2nd period - Minor Penalty to Milan Lucic for Holding.
4:16 of 2nd period - Anze Kopitar wins face-off versus Stefan Noesen in Rangers zone.
4:58 of 2nd period - Slapshot by Cale Makar.
4:58 of 2nd period - Stopped by Ville Husso without a rebound.
4:59 of 2nd period - Chris Bourque wins face-off versus Tomas Hertl in Panthers zone.
5:07 of 2nd period - Off-side.
5:08 of 2nd period - Timo Meier wins face-off versus Henrik Samuelsson in neutral zone.
5:13 of 2nd period - Wrist shot by Anze Kopitar.
5:13 of 2nd period - Stopped by Frederik Andersen with a rebound.
5:23 of 2nd period - Slapshot by Henrik Samuelsson.
5:23 of 2nd period - Shot Blocked by Dalton Prout.
5:33 of 2nd period - Mikhail Sergachev is hit by Anze Kopitar and loses puck.
5:34 of 2nd period - Penalty to Kris Versteeg is over, Kris Versteeg is back on ice.
5:58 of 2nd period - Wrist shot by Anze Kopitar.
5:58 of 2nd period - Shot Blocked by Luke Schenn.
6:00 of 2nd period - Slapshot by Morgan Rielly.
6:00 of 2nd period - Shot Misses the Net.
6:02 of 2nd period - Wrist shot by Timo Meier.
6:02 of 2nd period - Deflect By Kris Versteeg.
6:02 of 2nd period - Stopped by Frederik Andersen without a rebound.
6:03 of 2nd period - Miro Aaltonen wins face-off versus Maxime Sauvé in Rangers zone.
6:08 of 2nd period - Wrist shot by Alex Goligoski.
6:08 of 2nd period - Shot Hit the Post.
6:12 of 2nd period - Slapshot by Alex Goligoski.
6:12 of 2nd period - Deflect By Alexander Semin.
6:12 of 2nd period - Shot Misses the Net.
6:12 of 2nd period - Puck is out of play.
6:13 of 2nd period - Maxime Sauvé wins face-off versus Miro Aaltonen in Rangers zone.
6:15 of 2nd period - Penalty to Milan Lucic is over, Milan Lucic is back on ice.
6:34 of 2nd period - Slapshot by Miro Aaltonen.
6:34 of 2nd period - Shot Misses the Net.
6:36 of 2nd period - Snap shot by Erik Gudbranson.
6:36 of 2nd period - Stopped by Frederik Andersen with a rebound.
6:57 of 2nd period - Snap shot by Milan Lucic.
6:57 of 2nd period - Stopped by Ville Husso with a rebound.
6:59 of 2nd period - Wrist shot by T.J Galiardi.
6:59 of 2nd period - Rangers goal is going for a video replay.
6:59 of 2nd period - The goal is refused. The attacking player has interfered with a goalkeeper in his goal crease..
7:00 of 2nd period - Magnus Paajarvi wins face-off versus Anze Kopitar in Panthers zone.
7:50 of 2nd period - Snap shot by Quinton Howden.
7:50 of 2nd period - Stopped by Frederik Andersen with a rebound.
7:52 of 2nd period - Wrist shot by Marek Svatos.
7:52 of 2nd period - Goal by Marek Svatos - Rangers : 0 - Panthers : 4.
7:53 of 2nd period - Anze Kopitar wins face-off versus Tomas Hertl in neutral zone.
8:09 of 2nd period - Wrist shot by Kris Versteeg.
8:09 of 2nd period - Shot Blocked by Dmitry Kulikov.
8:20 of 2nd period - Off-side.
8:21 of 2nd period - Henrik Samuelsson wins face-off versus Miro Aaltonen in neutral zone.
8:46 of 2nd period - Mikhail Sergachev is hit by Elias Lindholm.
9:39 of 2nd period - Snap shot by T.J Galiardi.
9:39 of 2nd period - Shot Misses the Net.
10:14 of 2nd period - Snap shot by Benoit Pouliot.
10:14 of 2nd period - Stopped by Frederik Andersen with a rebound.
10:16 of 2nd period - Snap shot by Beau Bennett.
10:16 of 2nd period - Shot Blocked by Luke Schenn.
10:18 of 2nd period - Snap shot by Cameron Gaunce.
10:18 of 2nd period - Deflect By Cale Makar.
10:18 of 2nd period - Stopped by Frederik Andersen with a rebound.
10:20 of 2nd period - Snap shot by Elias Lindholm.
10:20 of 2nd period - Shot Misses the Net.
12:07 of 2nd period - Slapshot by Magnus Paajarvi.
12:07 of 2nd period - Deflect By Stefan Noesen.
12:07 of 2nd period - Shot Misses the Net.
12:07 of 2nd period - Puck is out of play.
12:08 of 2nd period - Anze Kopitar wins face-off versus Magnus Paajarvi in Panthers zone.
12:56 of 2nd period - Morgan Rielly is hit by Henrik Samuelsson and loses puck.
14:35 of 2nd period - Wrist shot by Tomas Hertl.
14:35 of 2nd period - Shot Misses the Net.
15:11 of 2nd period - Ryan Dzingel is hit by Chris Bourque and loses puck.
15:20 of 2nd period - Backhand shot by Cale Makar.
15:20 of 2nd period - Stopped by Ville Husso without a rebound.
15:21 of 2nd period - Anze Kopitar wins face-off versus Sean Couturier in Panthers zone.
15:48 of 2nd period - Alex Goligoski is hit by Devante Smith-Pelly and loses puck.
16:15 of 2nd period - Snap shot by Richard Panik.
16:15 of 2nd period - Shot Blocked by Beau Bennett.
16:17 of 2nd period - Wrist shot by T.J Galiardi.
16:17 of 2nd period - Shot Misses the Net.
16:19 of 2nd period - Wrist shot by T.J Galiardi.
16:19 of 2nd period - Goal by T.J Galiardi - Rangers : 1 - Panthers : 4.
16:20 of 2nd period - Anze Kopitar wins face-off versus Sean Couturier in neutral zone.
17:22 of 2nd period - Snap shot by Henrik Samuelsson.
17:22 of 2nd period - Stopped by Ville Husso without a rebound.
17:23 of 2nd period - Sean Couturier wins face-off versus Anze Kopitar in Panthers zone.
17:52 of 2nd period - Slapshot by Luke Schenn.
17:52 of 2nd period - Stopped by Ville Husso without a rebound.
17:53 of 2nd period - Tomas Hertl wins face-off versus Miro Aaltonen in Panthers zone.
17:56 of 2nd period - Wrist shot by Tomas Hertl.
17:56 of 2nd period - Stopped by Ville Husso with a rebound.
18:14 of 2nd period - Minor Penalty to Kyle Okposo for Roughing.
18:15 of 2nd period - Anze Kopitar wins face-off versus Sean Couturier in Panthers zone.
18:28 of 2nd period - Wrist shot by Anze Kopitar.
18:28 of 2nd period - Deflect By Kris Versteeg.
18:28 of 2nd period - Shot Blocked by Luke Schenn.
18:28 of 2nd period - Puck is out of play.
18:29 of 2nd period - Anze Kopitar wins face-off versus Sean Couturier in Rangers zone.
18:36 of 2nd period - Snap shot by Sean Couturier.
18:36 of 2nd period - Shot Blocked by Anze Kopitar.
18:38 of 2nd period - Snap shot by Milan Lucic.
18:38 of 2nd period - Deflect By Sean Couturier.
18:38 of 2nd period - Shot Misses the Net.
18:38 of 2nd period - Puck is out of play.
18:39 of 2nd period - Sean Couturier wins face-off versus Anze Kopitar in Panthers zone.
19:03 of 2nd period - Slapshot by Cale Makar.
19:03 of 2nd period - Shot Blocked by Niklas Hansson.
19:23 of 2nd period - Wrist shot by Sean Couturier.
19:23 of 2nd period - Stopped by Ville Husso without a rebound.
19:24 of 2nd period - Quinton Howden wins face-off versus Tomas Hertl in Panthers zone.
19:35 of 2nd period - Snap shot by Devante Smith-Pelly.
19:35 of 2nd period - Shot Misses the Net.
Goals for this period are 1 for Rangers vs 2 for Panthers.
Shots for this period are 9 for Rangers vs 12 for Panthers.
3rd period
0:01 of 3rd period - Anze Kopitar wins face-off versus Sean Couturier in neutral zone.
0:14 of 3rd period - Penalty to Kyle Okposo is over, Kyle Okposo is back on ice.
0:24 of 3rd period - Kyle Okposo is hit by Luke Schenn and loses puck.
0:34 of 3rd period - Snap shot by Anze Kopitar.
0:34 of 3rd period - Shot Hit the Post.
0:36 of 3rd period - Slapshot by Kyle Okposo.
0:36 of 3rd period - Stopped by Frederik Andersen without a rebound.
0:37 of 3rd period - Elias Lindholm wins face-off versus Tomas Hertl in Rangers zone.
0:38 of 3rd period - Snap shot by Beau Bennett.
0:38 of 3rd period - Shot Misses the Net.
0:40 of 3rd period - Slapshot by Dalton Prout.
0:40 of 3rd period - Deflect By Elias Lindholm.
0:40 of 3rd period - Shot Misses the Net.
0:40 of 3rd period - Puck is out of play.
0:41 of 3rd period - Tomas Hertl wins face-off versus Benoit Pouliot in Rangers zone.
0:58 of 3rd period - Wrist shot by Elias Lindholm.
0:58 of 3rd period - Stopped by Frederik Andersen with a rebound.
1:14 of 3rd period - Snap shot by Timo Meier.
1:14 of 3rd period - Stopped by Frederik Andersen without a rebound.
1:15 of 3rd period - Sean Couturier wins face-off versus Anze Kopitar in Rangers zone.
1:15 of 3rd period - Sean Couturier is hit by Anze Kopitar.
1:21 of 3rd period - Snap shot by Luke Schenn.
1:21 of 3rd period - Shot Misses the Net.
2:28 of 3rd period - Snap shot by T.J Galiardi.
2:28 of 3rd period - Shot Misses the Net.
2:32 of 3rd period - Snap shot by T.J Galiardi.
2:32 of 3rd period - Stopped by Ville Husso without a rebound.
2:33 of 3rd period - Quinton Howden wins face-off versus Sean Couturier in Panthers zone.
4:16 of 3rd period - Slapshot by Alex Goligoski.
4:16 of 3rd period - Shot Misses the Net.
4:32 of 3rd period - Wrist shot by Milan Lucic.
4:32 of 3rd period - Stopped by Ville Husso with a rebound.
4:34 of 3rd period - Slapshot by Dmitry Kulikov.
4:34 of 3rd period - Shot Misses the Net.
4:36 of 3rd period - Snap shot by Ryan Strome.
4:36 of 3rd period - Stopped by Ville Husso with a rebound.
4:38 of 3rd period - Snap shot by Ryan Strome.
4:38 of 3rd period - Goal by Ryan Strome - Rangers : 2 - Panthers : 4.
4:39 of 3rd period - Anze Kopitar wins face-off versus Tomas Hertl in neutral zone.
4:42 of 3rd period - Wrist shot by Timo Meier.
4:42 of 3rd period - Shot Misses the Net.
4:44 of 3rd period - Snap shot by Timo Meier.
4:44 of 3rd period - Stopped by Frederik Andersen without a rebound.
4:45 of 3rd period - Anze Kopitar wins face-off versus Tomas Hertl in Rangers zone.
5:20 of 3rd period - Patrik Nemeth is hit by Miro Aaltonen and loses puck.
6:11 of 3rd period - Wrist shot by Devante Smith-Pelly.
6:11 of 3rd period - Stopped by Ville Husso with a rebound.
6:13 of 3rd period - Wrist shot by Henrik Samuelsson.
6:13 of 3rd period - Shot Misses the Net.
6:15 of 3rd period - Wrist shot by Cale Makar.
6:15 of 3rd period - Shot Blocked by Alexander Semin.
7:53 of 3rd period - Slapshot by Milan Lucic.
7:53 of 3rd period - Stopped by Ville Husso with a rebound.
8:33 of 3rd period - Morgan Rielly is hit by Richard Panik and loses puck.
8:47 of 3rd period - Alexander Semin is hit by Richard Panik and loses puck.
8:56 of 3rd period - Wrist shot by Richard Panik.
8:56 of 3rd period - Goal by Richard Panik - Rangers : 3 - Panthers : 4.
8:57 of 3rd period - Sean Couturier wins face-off versus Anze Kopitar in neutral zone.
9:09 of 3rd period - Icing by Cale Makar.
9:10 of 3rd period - Sean Couturier wins face-off versus Anze Kopitar in Rangers zone.
9:21 of 3rd period - Snap shot by Kris Versteeg.
9:21 of 3rd period - Shot Misses the Net.
9:27 of 3rd period - Wrist shot by Timo Meier.
9:27 of 3rd period - Stopped by Frederik Andersen with a rebound.
9:49 of 3rd period - Wrist shot by Tomas Hertl.
9:49 of 3rd period - Deflect By Stefan Noesen.
9:49 of 3rd period - Shot Misses the Net.
9:49 of 3rd period - Puck is out of play.
9:50 of 3rd period - Henrik Samuelsson wins face-off versus Anze Kopitar in Panthers zone.
10:48 of 3rd period - Elias Lindholm is hit by Vince Dunn and loses puck.
11:03 of 3rd period - Snap shot by Vince Dunn.
11:03 of 3rd period - Deflect By Henrik Samuelsson.
11:03 of 3rd period - Goal by Henrik Samuelsson - Rangers : 4 - Panthers : 4.
11:04 of 3rd period - Anze Kopitar wins face-off versus Sean Couturier in neutral zone.
11:20 of 3rd period - Minor Penalty to Anze Kopitar for Holding.
11:21 of 3rd period - Marek Svatos wins face-off versus Sean Couturier in Panthers zone.
11:51 of 3rd period - Erik Gudbranson is hit by Cale Makar.
12:59 of 3rd period - Magnus Paajarvi is hit by Niklas Hansson and loses puck.
13:20 of 3rd period - Penalty to Anze Kopitar is over, Anze Kopitar is back on ice.
13:24 of 3rd period - Alexander Semin is hit by Maxime Sauvé and loses puck.
14:18 of 3rd period - Ryan Dzingel is hit by Chris Bourque and loses puck.
15:26 of 3rd period - Stefan Noesen is hit by Alexander Semin and loses puck.
16:23 of 3rd period - Anze Kopitar is hit by Vince Dunn and loses puck.
17:01 of 3rd period - Icing by Patrik Nemeth.
17:02 of 3rd period - Henrik Samuelsson wins face-off versus Miro Aaltonen in Rangers zone.
17:19 of 3rd period - Mikhail Sergachev is hit by Dalton Prout and loses puck.
17:58 of 3rd period - Beau Bennett is hit by Magnus Paajarvi and loses puck.
18:03 of 3rd period - Snap shot by Stefan Noesen.
18:03 of 3rd period - Shot Blocked by Benoit Pouliot.
18:34 of 3rd period - Richard Panik is hit by Alex Goligoski and loses puck.
19:45 of 3rd period - Anze Kopitar is hit by Henrik Samuelsson and loses puck.
Goals for this period are 3 for Rangers vs 0 for Panthers.
Shots for this period are 8 for Rangers vs 5 for Panthers.
Overtime #1
0:01 of 1st overtime period - Anze Kopitar wins face-off versus Henrik Samuelsson in neutral zone.
0:16 of 1st overtime period - Slapshot by Stefan Noesen.
0:16 of 1st overtime period - Stopped by Ville Husso without a rebound.
0:17 of 1st overtime period - Anze Kopitar wins face-off versus Henrik Samuelsson in Panthers zone.
0:17 of 1st overtime period - Anze Kopitar is hit by Mikhail Sergachev.
0:20 of 1st overtime period - Minor Penalty to Timo Meier for High sticking.
0:21 of 1st overtime period - Henrik Samuelsson wins face-off versus Anze Kopitar in Panthers zone.
0:25 of 1st overtime period - Snap shot by Henrik Samuelsson.
0:25 of 1st overtime period - Stopped by Ville Husso without a rebound.
0:26 of 1st overtime period - Anze Kopitar wins face-off versus Henrik Samuelsson in Panthers zone.
0:37 of 1st overtime period - Wrist shot by Stefan Noesen.
0:37 of 1st overtime period - Shot Blocked by Niklas Hansson.
0:39 of 1st overtime period - Slapshot by Stefan Noesen.
0:39 of 1st overtime period - Shot Blocked by Niklas Hansson.
1:21 of 1st overtime period - Cameron Gaunce is hit by Dmitry Kulikov and loses puck.
1:30 of 1st overtime period - Milan Lucic is hit by Dalton Prout and loses puck.
1:39 of 1st overtime period - Dalton Prout is hit by Vince Dunn and loses puck.
1:44 of 1st overtime period - Wrist shot by Milan Lucic.
1:44 of 1st overtime period - Stopped by Ville Husso with a rebound.
1:56 of 1st overtime period - Anze Kopitar is hit by Tomas Hertl and loses puck.
2:20 of 1st overtime period - Penalty to Timo Meier is over, Timo Meier is back on ice.
2:23 of 1st overtime period - Elias Lindholm is hit by Devante Smith-Pelly.
2:27 of 1st overtime period - Elias Lindholm is hit by Devante Smith-Pelly.
3:06 of 1st overtime period - Magnus Paajarvi is hit by Chris Bourque and loses puck.
4:41 of 1st overtime period - Dmitry Kulikov is hit by Benoit Pouliot and loses puck.
Goals for this period are 0 for Rangers vs 0 for Panthers.
Shots for this period are 3 for Rangers vs 0 for Panthers.
ShootOut
5:00 of 1st overtime period - Round #1.
5:00 of 1st overtime period - Rangers, Milan Lucic.
5:00 of 1st overtime period - Snap shot by Milan Lucic.
5:00 of 1st overtime period - Stopped by Ville Husso.
5:00 of 1st overtime period - Panthers, Alexander Semin.
5:00 of 1st overtime period - Deke by Alexander Semin.
5:00 of 1st overtime period - Stopped by Frederik Andersen.
5:00 of 1st overtime period - Round #2.
5:00 of 1st overtime period - Rangers, Sean Couturier.
5:00 of 1st overtime period - Wrist shot by Sean Couturier.
5:00 of 1st overtime period - Stopped by Ville Husso.
5:00 of 1st overtime period - Panthers, Kris Versteeg.
5:00 of 1st overtime period - Snap shot by Kris Versteeg.
5:00 of 1st overtime period - Goal by Kris Versteeg.
5:00 of 1st overtime period - Round #3.
5:00 of 1st overtime period - Rangers, Tomas Hertl.
5:00 of 1st overtime period - Backhand shot by Tomas Hertl.
5:00 of 1st overtime period - Goal by Tomas Hertl.
5:00 of 1st overtime period - Panthers, Benoit Pouliot.
5:00 of 1st overtime period - Backhand shot by Benoit Pouliot.
5:00 of 1st overtime period - Shot Misses the Net.
5:00 of 1st overtime period - Round #4.
5:00 of 1st overtime period - Rangers, Ryan Strome.
5:00 of 1st overtime period - Wrist shot by Ryan Strome.
5:00 of 1st overtime period - Shot Misses the Net.
5:00 of 1st overtime period - Panthers, Beau Bennett.
5:00 of 1st overtime period - Backhand shot by Beau Bennett.
5:00 of 1st overtime period - Shot Misses the Net.
5:00 of 1st overtime period - Round #5.
5:00 of 1st overtime period - Rangers, Devante Smith-Pelly.
5:00 of 1st overtime period - Snap shot by Devante Smith-Pelly.
5:00 of 1st overtime period - Goal by Devante Smith-Pelly.
5:00 of 1st overtime period - Panthers, Anze Kopitar.
5:00 of 1st overtime period - Deke by Anze Kopitar.
5:00 of 1st overtime period - Shot Misses the Net.